 Dungeon Crawl Stone Soup version 0.30-a0-972-gf3ab3527aa (webtiles) character file.

Game seed: 7502432696045920753

1475 BigDaddyOpFi the Covered (level 8, -3/72 HPs)
             Began as an Armataur Fighter on Mar 31, 2023.
             Was an Initiate of Hepliaklqana.
             Shot with an arrow by a centaur (10 damage)
             ... on level 6 of the Dungeon.
             The game lasted 00:06:34 (5212 turns).

BigDaddyOpFi the Covered (Armataur Fighter)         Turns: 5212, Time: 00:06:35

Health: -3/72      AC: 15    Str: 23    XL:     8   Next: 49%
Magic:  10/11      EV: 14    Int:  9    God:    Hepliaklqana [......]
Gold:   272        SH:  5    Dex: 10    Spells: 7/7 levels left

rFire   . . .      SeeInvis .    v - +0 broad axe
rCold   . . .      Faith    .    c - +0 buckler
rNeg    . . .      Spirit   .    D - +0 plate armour
rPois   .          Reflect  .    u - +0 helmet
rElec   .          Roll     +    C - +0 cloak
rCorr   .                        h - +0 pair of gloves
Will    .....                    (no barding) Stlth
                                 (no amulet)
HPRegen 0.32/turn                o - +5 ring of evasion
MPRegen 0.12/turn                w - +5 ring of evasion

@: no status effects
A: large, rugged brown scales 3, deformed body, armoured tail, roll, long
tongue, awkward tongue
a: Renounce Religion


You were on level 6 of the Dungeon.
You worshipped Hepliaklqana.
Hepliaklqana was noncommittal.
You visited 2 branches of the dungeon, and saw 7 of its levels.

You collected 272 gold pieces.

Inventory:

Hand Weapons
 a - a +0 war axe of freezing
 q - a +2 hand axe of flaming
 v - a +0 broad axe (weapon)
Armour
 c - a +0 buckler (worn)
 h - a +0 pair of gloves (worn)
 u - a +0 helmet (worn)
 C - a +0 cloak (worn)
 D - a +0 plate armour (worn)
Jewellery
 e - a ring of positive energy
 i - a ring of protection from fire
 m - a ring of protection from cold
 o - a +5 ring of evasion (left hand)
 r - a +6 ring of dexterity
 s - a ring of wizardry
 w - a +5 ring of evasion (right hand)
 y - an amulet of the acrobat
Wands
 t - a wand of roots (9)
 z - a wand of polymorph (4)
 B - a wand of flame (5)
Scrolls
 b - a scroll of teleportation
 k - a scroll of amnesia
 l - a scroll of silence
 x - a scroll of identify
 A - a scroll of immolation {unknown}
Potions
 d - a potion of might
 f - a potion of degeneration {unknown}
 g - 2 potions of heal wounds
 j - a potion of haste
 n - a potion of resistance {unknown}
 p - 2 potions of mutation {unknown}


   Skills:
 + Level 5.1 Fighting
 + Level 4.2 Axes
 + Level 6.9 Armour
 + Level 6.1 Shields
 * Level 4.1 Invocations


You had 7 spell levels left.
You didn't know any spells.
Your spell library contained the following spells:

 Spells                   Type           Power      Damage    Failure   Level
 Ozocubu's Armour         Ice            0%         N/A       100%        3
 Metabolic Englaciation   Hex/Ice        0%         N/A       100%        5
 Simulacrum               Ice/Necr       0%         N/A       100%        6


Dungeon Overview and Level Annotations

Branches:
Dungeon (6/15)             Temple (1/1) D:4

Altars:
Ashenzari
Dithmenos
Elyvilon
Fedhas
Gozag
Hepliaklqana
Kikubaaqudgha
Makhleb
Nemelex Xobeh
Okawaru
Ru
Sif Muna
Trog
Uskayaw
Vehumet
Xom
Yredelemnul
Zin
The Shining One

Shops:
D:2 ![=   D:4 :   D:5 (

Annotations:
D:4 3 runed translucent doors, Bediveer's ghost, novice BaHu; Darkkill's ghost, amateur MiHu; Tollund's ghost, novice AtFi


Innate Abilities, Weirdness & Mutations

You are completely covered in rugged brown scales. (AC +3, +7% HP)
Armour fits poorly on your strangely shaped body.
You have a long armoured tail.
You roll when moving toward enemies. (Rampage)
Your long tongue fully drains potion bottles. (2x potion effects)
Your tongue gives you trouble enunciating. (1.5x scroll delay)


Message History

The hound is almost dead.
The hound bites you. The hound closely misses you.
You closely miss the hound. You tail-slap the hound.
You kill the hound!
You barely miss the steam dragon. The steam dragon bites you.
The steam dragon misses you.
The steam dragon bites you but does no damage.
The steam dragon misses you.
You barely miss the steam dragon. The steam dragon barely misses you.
The steam dragon claws you but does no damage.
You barely miss the steam dragon. The steam dragon closely misses you.
The steam dragon claws you but does no damage.
You hit the steam dragon.
Your tail-slap misses the steam dragon.
The steam dragon is lightly wounded.
You block the steam dragon's attack. The steam dragon misses you. x2
The steam dragon completely misses you.
You closely miss the steam dragon.
The steam dragon is lightly wounded.
The steam dragon breathes steam at you. The ball of steam hits you!
You hear an angry hiss.
You hear a shout!
You slash the steam dragon! You tail-slap the steam dragon!
The steam dragon is almost dead.
You are engulfed in a cloud of scalding steam.
You block the steam dragon's attack. The steam dragon completely misses you.
The steam dragon breathes steam at you. The ball of steam hits you!
* * * LOW HITPOINT WARNING * * *
You hear a shout! x2
You hit the steam dragon.
You kill the steam dragon!
The steam dragon scales are intact enough to wear.
You are engulfed in a cloud of scalding steam.
Your Invocations skill increases to level 4!
Items here: ) [[ †.
Found a ring mail.
A centaur comes into view.
The centaur wields a +0 shortbow.
The centaur shoots an arrow.
The arrow hits you!
You die...

.##......# .##.######
#.# ###.### #.#
......#### #.#
..#......# #.#
.<#.#.##.# #.#
..)....#.# #.#
.[#.#..#.#######.#######
.†#.#.#....§?§§[@......c
.........########.######
########## .# .# .# .#
[. ##


You could see a centaur.

Vanquished Creatures
  A steam dragon (D:6)
  Menkaure (D:4)
  Edmund (D:6)
  An orc warrior (D:6)
  A phantom (D:4)
  2 scorpions (D:5)
  A howler monkey (D:4)
  2 orc priests (D:5)
  A jelly (D:4)
  6 hounds
  A gnoll bouda (D:5)
  Crazy Yiuf (D:5)
  Ijyb (D:5)
  Natasha (D:2)
  2 iguanas (D:4)
  3 orc wizards
  9 gnolls (D:5)
  8 adders
  A shadow imp (D:5)
  A white imp (D:5)
  3 ufetubi
  2 dart slugs
  20 orcs
  5 ball pythons
  8 endoplasms
  2 giant cockroaches
  5 hobgoblins
  7 jackals
  2 quokkas
  6 bats
  A frilled lizard (D:1)
  6 goblins
  7 kobolds
  3 rats
122 creatures vanquished.

Vanquished Creatures (others)
  4 withered plants (D:4)
4 creatures vanquished.

Grand Total: 126 creatures vanquished

Notes
Turn   | Place    | Note
-------+----------+-------------------------------------------
     0 | D:1      | BigDaddyOpFi the Armataur Fighter began the quest for the
                  | Orb.
     0 | D:1      | Reached XP level 1. HP: 19/19 MP: 1/1
   176 | D:1      | Reached XP level 2. HP: 22/26 MP: 2/2
   634 | D:1      | Found a faded altar of an unknown god.
   674 | D:2      | Found Wodiwat's Jewellery Boutique.
   684 | D:2      | Reached XP level 3. HP: 31/33 MP: 3/3
   968 | D:2      | Reached XP level 4. HP: 40/40 MP: 4/4
  1000 | D:2      | Found Yskades's Armour Shoppe.
  1018 | D:2      | Noticed Natasha
  1031 | D:2      | Killed Natasha
  1062 | D:2      | Found Vonybb's Distillery.
  2113 | D:3      | Reached XP level 5. HP: 44/48 MP: 5/5
  2702 | D:4      | Noticed a phantom
  2717 | D:4      | Killed a phantom
  2718 | D:4      | Reached skill level 5 in Armour
  2929 | D:4      | Noticed Menkaure
  2971 | D:4      | Killed Menkaure
  2972 | D:4      | Reached XP level 6. HP: 25/55 MP: 6/6
  3047 | D:4      | Reached skill level 5 in Shields
  3084 | D:4      | Found a runed translucent gate.
  3084 | D:4      | Found a runed translucent gate.
  3087 | D:4      | Found a runed translucent gate.
  3235 | D:4      | Noticed Bediveer's ghost (novice BaHu)
  3235 | D:4      | Noticed Tollund's ghost (novice AtFi)
  3235 | D:4      | Noticed Darkkill's ghost (amateur MiHu)
  3261 | D:4      | Found Pesieped's Book Shop.
  3444 | D:4      | Reached XP level 7. HP: 58/63 MP: 7/7
  3655 | D:4      | Found a staircase to the Ecumenical Temple.
  3667 | Temple   | Entered the Ecumenical Temple
  3667 | Temple   | Found a transporter.
  3667 | Temple   | Found a transporter.
  3669 | Temple   | Found a transporter.
  3669 | Temple   | Found a transporter.
  3699 | Temple   | Became a worshipper of Hepliaklqana the Forgotten
  3946 | D:5      | Entered Level 5 of the Dungeon
  3963 | D:5      | Reached skill level 1 in Invocations
  3978 | D:5      | Found Gydiom's Weapon Shoppe.
  4396 | D:5      | Noticed Ijyb
  4405 | D:5      | Killed Ijyb
  4696 | D:5      | Reached XP level 8. HP: 71/71 MP: 10/10
  4737 | D:5      | Found a runed translucent door.
  4738 | D:5      | Noticed Crazy Yiuf
  5008 | D:5      | Killed Crazy Yiuf
  5181 | D:6      | Noticed Edmund
  5197 | D:6      | Killed Edmund
  5198 | D:6      | Reached skill level 5 in Fighting
  5212 | D:6      | Shot with an arrow by a centaur

Illustrated notes

Levels and vault maps discovered:
D:1:      scummos_arrival_gate, layout_loops_ring,
          dilly_ecumenical_altar_fadedgnrine, dk_noncrumbling_3
D:2:      layout_loops_ring, serial_shops, shop, nicolae_shop_hallway_plus,
          shop, st_stairs_7, uniq_natasha
D:3:      layout_basic, minmay_misc_feat_enclosed
D:4:      layout_loops_ring, minmay_temple_entry_nine_rooms, serial_shops, shop,
          gammafunk_ghost_cemetery, minmay_diced_spiral, uniq_menkaure
D:5:      layout_basic, serial_shops, nicolae_shop_waterfront, uniq_ijyb,
          uniq_crazy_yiuf_cottage
D:6:      layout_loops_cross, minmay_circle_x, uniq_edmund, uniq_maggie
Temple:   hellmonk_temple_divided_pantheon

Skill      XL: |  1  2  3  4  5  6  7  8 |
---------------+-------------------------+-----
Armour         | 4 5 6 |  6.9
Fighting       | 3 4 5 |  5.1
Axes           | 2 3 4 |  4.2
Shields        | 4 5 6 |  6.1
Invocations    | 2 4 |  4.1

Action                     |  1- 3 |  4- 6 |  7- 9 || total
---------------------------+-------+-------+-------++-------
  Melee: War axe           |    90 |   156 |    61 ||   307
         Tailslap          |     8 |    12 |    19 ||    39
         Broad axe         |       |       |    88 ||    88
    Use: Scroll            |     2 |     5 |     2 ||     9
         Potion            |       |     7 |     2 ||     9
   Stab: Invisible         |       |     1 |       ||     1
 Armour: Scale mail        |    55 |    78 |    48 ||   181
         Skin              |       |       |     4 ||     4
         Plate armour      |       |       |     9 ||     9
  Dodge: Dodged            |    32 |    47 |   119 ||   198
  Block: Buckler           |    18 |    28 |    30 ||    76

Table legend: (Time is in decaauts)
 A = Elapsed time spent in this place.
 B = Non-inter-level travel time spent in this place.
 C = Inter-level travel time spent in this place.
 D = Time resting spent in this place.
 E = Time spent auto-exploring this place.
 F = Levels seen in this place.
 G = Mean time per level.
                   A        B        C        D        E       F      G
               +--------+--------+--------+--------+--------+-----+--------+
         Total |   5354 |   5235 |    119 |    678 |   3424 |   7 |  764.9 |
       Dungeon |   5299 |   5180 |    119 |    678 |   3422 |   6 |  883.2 |
        Temple |     54 |     54 |      0 |      0 |      2 |   1 |   54.0 |
               +--------+--------+--------+--------+--------+-----+--------+

Top non-repeatable levels by time:
     D:4: 1244 daAuts
     D:3: 1176 daAuts
     D:5: 1151 daAuts
     D:2: 861 daAuts
     D:1: 701 daAuts
     D:6: 164 daAuts
  Temple: 54 daAuts
